 Dungeon Crawl Stone Soup version 0.28.0 (webtiles) character file.

Game seed: 17767987495269825461

436 dolemite99 the Carver (level 6, 0/51 HPs)
             Began as a Minotaur Fighter on Feb 6, 2022.
             Killed from afar by Dowan (12 damage)
             ... with a shard of ice
             ... on level 5 of the Dungeon.
             The game lasted 00:03:08 (4128 turns).

dolemite99 the Carver (Minotaur Fighter)            Turns: 4128, Time: 00:03:09

Health: 0/51       AC: 11    Str: 22    XL:     6   Next: 68%
Magic:  5/5        EV:  4    Int:  5    God:
Gold:   236        SH:  8    Dex: 10    Spells: 5/5 levels left

rFire   . . .      SeeInvis .   b - +0 dagger (venom)
rCold   . . .      Faith    .   i - +0 kite shield
rNeg    . . .      Spirit   .   s - +0 plate armour
rPois   .          Reflect  .   (helmet restricted)
rElec   .          Harm     .   (no cloak)
rCorr   .          Rampage  .   (no gloves)
Will    .....                   (no boots)
Stlth   ..........              (no amulet)
HPRegen 0.17/turn               (no ring)
MPRegen 0.09/turn               (no ring)

@: no status effects
A: horns 2, retaliatory headbutt
a: no special abilities


You were on level 5 of the Dungeon.
You visited 1 branch of the dungeon, and saw 5 of its levels.

You collected 236 gold pieces.

Inventory:

Hand Weapons
 a - a +0 long sword
 b - a +0 dagger of venom (weapon)
 h - a +3 dagger of speed
Missiles
 e - 29 sling bullets
 f - 11 poisoned darts (quivered)
 j - 6 atropa-tipped darts
 m - 5 boomerangs
Armour
 c - a +0 buckler
 g - a +0 scale mail
 i - a +0 kite shield (worn)
 s - a +0 plate armour (worn)
Scrolls
 n - a scroll of blinking
 r - a scroll of identify {@r1}
Potions
 d - 2 potions of might
 k - a potion of heal wounds {unknown}
 l - 2 potions of attraction {unknown}
 o - a potion of cancellation {unknown}
 p - 2 potions of invisibility
 q - a potion of mutation
 t - a potion of degeneration {unknown}
 u - a potion of flight {unknown}


   Skills:
 - Level 3.6 Fighting
 + Level 8.8 Long Blades
 - Level 3.6 Armour
 - Level 3.6 Shields


You had 5 spell levels left.
You didn't know any spells.
Your spell library contained the following spells:

 Spells                   Type           Power      Damage    Failure   Level
 Call Canine Familiar     Summ           0%         N/A       100%        3
 Portal Projectile        Hex/Tloc       0%         N/A       100%        3
 Leda's Liquefaction      Hex/Erth       0%         N/A       100%        4
 Dispersal                Tloc           0%         N/A       100%        6
 Disjunction              Tloc           0%         N/A       100%        8


Dungeon Overview and Level Annotations

Branches:
Dungeon (5/15)             Temple (0/1) D:5

Altars:

Shops:
D:2 [

Annotations:
D:5 Dowan


Innate Abilities, Weirdness & Mutations

You have a pair of horns on your head.
You reflexively headbutt those who attack you in melee.


Message History

Dowan casts a spell at you. The puff of frost hits you!
You hit Duvessa.
Duvessa looks as sick as possible!
You headbutt Duvessa, but do no damage.
Duvessa is moderately wounded.
Duvessa hits you but does no damage. Dowan casts a spell at you.
The puff of flame hits you!
You barely miss Duvessa. You headbutt Duvessa.
Duvessa is heavily wounded.
Duvessa hits you with a +0 rapier. Dowan gestures at you while chanting.
The puff of frost hits you but does no damage.
You completely miss Duvessa.
Duvessa is heavily wounded.
Duvessa hits you with a +0 rapier. Dowan casts a spell at you.
You resist with some effort.
You hit Duvessa but do no damage.
Duvessa looks as sick as possible!
Duvessa is severely wounded.
You block Duvessa's attack.
You hit Duvessa but do no damage.
Duvessa looks as sick as possible!
Duvessa is severely wounded.
Dowan gestures wildly while chanting.
Dowan blinks!
Duvessa hits you with a +0 rapier.
You closely miss Duvessa. You headbutt Duvessa.
Duvessa is almost dead.
You kill Duvessa!
Dowan's eyes darken. "You have made a black mistake."
Dowan seems to find hidden reserves of power!
Your +0 dagger of venom stops dripping with poison.
a - a +0 long sword (weapon)
Your +0 dagger of venom begins to drip with poison!
b - a +0 dagger of venom (weapon)
Dowan casts a spell at you. The shard of ice hits you!
* * * LOW HITPOINT WARNING * * *
Dowan gestures at you while chanting. The shard of ice hits you!
You die...

.##.....##.#
#....#......
.###.#..##.# ##.###
#.e.> ...........# #.#
e.. ######.##### #.# #
#†# #)# ###.# ###.####
##.#.# #......##
###....######.#.#...####
................@......+
###....######.#e#...####
#........##.[....##
#.##.###.####.####
#.##.# #.# #.#
#.##.###.# #.#
#.##..##.# #. #.###.##.#
#. #.###.##.#


You could see Dowan (fast).

Vanquished Creatures
  Duvessa (D:5)
  An ogre (D:4)
  A scorpion (D:5)
  A hound (D:5)
  An orc wizard (D:4)
  A hound zombie (D:5)
  A howler monkey zombie (D:5)
  A gnoll (D:1)
  3 adders
  4 worms
  A dart slug (D:3)
  6 orcs
  4 ball pythons (D:1)
  3 endoplasms (D:1)
  5 giant cockroaches
  5 goblins
  5 hobgoblins
  4 jackals (D:1)
  3 kobolds
  2 quokkas
  2 bats
  2 rats
57 creatures vanquished.

Notes
Turn   | Place    | Note
-------+----------+-------------------------------------------
     0 | D:1      | dolemite99 the Minotaur Fighter began the quest for the
                  | Orb.
     0 | D:1      | Reached XP level 1. HP: 19/19 MP: 0/0
    66 | D:1      | Reached skill level 3 in Long Blades
    86 | D:1      | You fall into a shaft and drop 1 floor!
   182 | D:1      | Reached XP level 2. HP: 26/26 MP: 1/1
   235 | D:1      | Reached skill level 4 in Long Blades
   293 | D:1      | Reached XP level 3. HP: 30/31 MP: 2/2
   977 | D:2      | Reached skill level 5 in Long Blades
  1139 | D:2      | Reached XP level 4. HP: 35/39 MP: 3/3
  1336 | D:2      | Found Ircholeso's Antique Armour Boutique.
  1673 | D:3      | Found a faded altar of an unknown god.
  2715 | D:4      | Noticed an ogre
  2729 | D:4      | Killed an ogre
  2730 | D:4      | Reached skill level 6 in Long Blades
  2730 | D:4      | Reached XP level 5. HP: 15/45 MP: 4/4
  3135 | D:4      | Reached skill level 7 in Long Blades
  3663 | D:5      | Entered Level 5 of the Dungeon
  3899 | D:5      | Reached XP level 6. HP: 51/51 MP: 5/5
  4009 | D:5      | Reached skill level 8 in Long Blades
  4102 | D:5      | Found a staircase to the Ecumenical Temple.
  4102 | D:5      | Noticed Duvessa
  4102 | D:5      | Noticed Dowan
  4123 | D:5      | Killed Duvessa
  4128 | D:5      | Killed from afar by Dowan

Illustrated notes

Levels and vault maps discovered:
D:1:      dpeg_arrival_three_same_balls, layout_loops_ring,
          minmay_misc_feat_cross
D:2:      layout_rooms, serial_shops, nicolae_shop_trees
D:3:      layout_loops_cross, shapermc_ecumenical_altar_mp_highgroup
D:4:      layout_layer_cave
D:5:      layout_loops_corners, minmay_temple_entry_wispy,
          minmay_misc_feat_doors, uniq_duvessa, uniq_blork_the_orc

Skill      XL: |  1  2  3  4  5  6 |
---------------+-------------------+-----
Long Blades    | 3 4 5 6 7 8 |  8.8
Fighting       | |  3.6
Armour         | |  3.6
Shields        | |  3.6

Action                   |  1- 3 |  4- 6 || total
-------------------------+-------+-------++-------
Melee: Long sword        |    44 |       ||    44
       Headbutt          |     9 |    21 ||    30
       Dagger            |    22 |   104 ||   126
Throw: Dart              |    20 |    32 ||    52
  Use: Scroll            |     1 |     4 ||     5
Armor: Scale mail        |    22 |    17 ||    39
       Plate armour      |       |    16 ||    16
Dodge: Dodged            |    28 |    25 ||    53
Block: Buckler           |    15 |       ||    15
       Kite shield       |       |    35 ||    35
